 Dungeon Crawl Stone Soup version 0.21.0-25-ge575cb9 (webtiles) character file.

536 Moloch the Conjurer (level 7, -1/41 HPs)
             Began as an Octopode Wizard on Jan 24, 2018.
             Succumbed to a worker ant's poison
             ... on level 4 of the Dungeon.
             The game lasted 00:11:32 (5087 turns).

Moloch the Conjurer (Octopode Wizard)               Turns: 5087, Time: 00:11:33

Health: -1/41      AC:  1    Str:  6    XL:     7   Next: 25%
Magic:  11/14      EV: 13    Int: 22    God:
Gold:   241        SH:  0    Dex: 11    Spells: 5/16 levels left

rFire    . . .     SeeInvis .   t - +0 spear (distort)
rCold    . . .     Gourm    .   (no shield)
rNeg     . . .     Faith    .   a - +0 hat
rPois    .         Spirit   .   (no amulet)
rElec    .         Reflect  .   (no ring)
rCorr    .         Harm     .   (no ring)
MR       .....                  (no ring)
Stlth    +++.......             (no ring)
HPRegen  0.13/turn              (no ring)
MPRegen  0.14/turn              (no ring)
                                (no ring)
                                (no ring)

@: lethally poisoned (-1 -> -21)
A: almost no armour, stealthy swim, amphibious, 8 rings, constrict 8, camouflage
1, gelatinous body 1
a: no special abilities


You were on level 4 of the Dungeon.
You were not hungry.

You visited 1 branch of the dungeon, and saw 5 of its levels.

You collected 241 gold pieces.

Inventory:

Hand Weapons
 t - a +0 spear of distortion (weapon)
Missiles
 u - 2 throwing nets (quivered)
Armour
 a - a +0 hat (worn)
 h - a +0 buckler
Jewellery
 n - an uncursed ring of positive energy {unknown}
 s - an uncursed amulet of the gourmand {unknown}
 v - an uncursed ring of protection from magic {unknown}
Scrolls
 f - 2 scrolls of teleportation {unknown}
 k - 2 scrolls of identify {unknown}
 o - a scroll of magic mapping {unknown}
 p - 2 scrolls of remove curse {unknown}
 r - a scroll of immolation {unknown}
 w - a scroll of fog {unknown}
 x - a scroll of enchant armour {unknown}
 y - a scroll of noise {unknown}
Potions
 d - a potion of haste {unknown}
 e - 2 potions of curing {unknown}
 i - a potion of heal wounds {unknown}
 j - a potion of degeneration {unknown}
 l - a potion of lignification {unknown}
 m - 2 potions of might {unknown}
 q - 2 potions of berserk rage {unknown}
Books
 b - a book of Minor Magic

   Spells                             Type                      Level
   a - Magic Dart                     Conjuration                  1
   b - Blink                          Translocation                2
   c - Call Imp                       Summoning                    2
   d - Slow                           Hexes                        2
   e - Conjure Flame                  Conjuration/Fire             3
   f - Mephitic Cloud                 Conjuration/Poison/Air       3
Comestibles
 c - 4 rations


   Skills:
 - Level 2.0 Dodging
 - Level 2.6 Stealth
 + Level 5.2 Spellcasting
 * Level 5.5 Conjurations
 - Level 1.0 Summonings
 - Level 1.0 Translocations
 * Level 1.2 Fire Magic


You had 5 spell levels left.
You knew the following spells:

 Your Spells              Type           Power        Failure   Level  Hunger
a - Magic Dart            Conj           ####         1%          1    None
b - Blink                 Tloc           N/A          10%         2    None
c - Call Imp              Summ           ##......     10%         2    None
d - Mephitic Cloud        Conj/Pois/Air  ##......     14%         3    ##.....
e - Conjure Flame         Conj/Fire      ###.....     8%          3    ##.....


Dungeon Overview and Level Annotations

Branches:
Dungeon (5/15)
 Temple: D:4-7

Altars:
Dithmenos
Xom

Annotations:
D:3 loralnil's ghost, amateur MiFi
D:5 Duvessa; Pikel


Innate Abilities, Weirdness & Mutations

You cannot wear most types of armour.
You are very stealthy in the water. (Stealth+)
You are amphibious.
You can wear up to eight rings at the same time.
You can use your tentacles to constrict eight enemies at once.
Your skin changes colour to match your surroundings (Stealth+).
Your rubbery body absorbs attacks. (AC +1, EV +1)


Message History

The worker ant barely misses you.
You hit the worker ant.
The worker ant is almost dead.
The worker ant blinks free!
You feel sick. The worker ant bites you.
* * * LOW HITPOINT WARNING * * *
You are lethally poisoned!
The worker ant poisons you!
You closely miss the worker ant. You grab the worker ant.
The worker ant is almost dead.
You constrict the worker ant, but do no damage.
* * * LOW HITPOINT WARNING * * *
You feel sick. The worker ant bites you.
* * * LOW HITPOINT WARNING * * *
You are more poisoned.
The worker ant poisons you! The worker ant barely misses you.
You hit the worker ant but do no damage.
Space warps horribly around the worker ant!
You kill the worker ant!
You die...

#############.## #.........# #.
# #..#†## #.# #######...# ##
####.≈≈.###.# ######.## #
###.##≈≈.≈.##.#######.......##
#
.#.#≈)#..≈.≈#.........#####..#
# .#.##.).##≈.#########.#
#..#### .#..#.#...⌠.###### #.#
#...... .#..####.#.##...># #.#
#..#### .##...≈⌠..._####@#
#.#####..# ..####.#..≈^# #.#
#..<....##### ##.#.#####.≈#
#.######[.#.###... #[#..≈≈##≈##
#.........#.# #.## #≈##.≈≈.≈.≈#
########.##.# #.# #≈.#..#.⌠..#
#.##.###.# #^.†#.).#).#
#########........#
##≈.⌠#≈.≈≈####.......(..>.#####
##.≈.#.≈##....############


There were no monsters in sight!

Vanquished Creatures
  A crimson imp (D:5)
  A jelly (D:5)
  An orc wizard (D:4)
  A bullfrog skeleton (D:5)
  A centaur skeleton (D:5)
  An iguana (D:5)
  5 worker ants
  A hound skeleton (D:5)
  5 gnolls
  4 adders
  An ooze (D:3)
  2 adder skeletons
  5 worms
  7 dart slugs
  3 leopard geckos
  15 orcs
  2 ball pythons (D:3)
  7 bats
  6 giant cockroaches
  10 goblins
  10 hobgoblins
  5 jackals
  A quokka (D:3)
  4 frilled lizards
  6 kobolds
  6 rats
111 creatures vanquished.

Notes
Turn   | Place    | Note
-------+----------+-------------------------------------------
     0 | D:1      | Moloch the Octopode Wizard began the quest for the Orb.
     0 | D:1      | Reached XP level 1. HP: 11/11 MP: 4/4
   348 | D:1      | Reached XP level 2. HP: 17/17 MP: 3/6
   380 | D:1      | Learned a level 2 spell: Blink
   383 | D:1      | Learned a level 2 spell: Call Imp
   783 | D:1      | Reached XP level 3. HP: 21/21 MP: 1/8
  1271 | D:2      | Learned a level 3 spell: Mephitic Cloud
  1656 | D:2      | Reached XP level 4. HP: 27/27 MP: 5/10
  2319 | D:3      | Noticed loralnil's ghost (amateur MiFi)
  2326 | D:3      | Reached XP level 5. HP: 31/31 MP: 8/11
  2949 | D:4      | Reached XP level 6. HP: 34/36 MP: 0/12
  2968 | D:4      | Learned a level 3 spell: Conjure Flame
  4060 | D:4      | Found a shimmering altar of Xom.
  4223 | D:5      | Entered Level 5 of the Dungeon
  4236 | D:5      | Noticed Duvessa
  4238 | D:5      | Found a shadowy altar of Dithmenos.
  4544 | D:5      | Reached skill level 5 in Spellcasting
  4544 | D:5      | Reached skill level 5 in Conjurations
  4675 | D:5      | Noticed Pikel
  4675 | D:5      | Noticed a slave
  4675 | D:5      | Noticed a slave
  4677 | D:5      | Noticed a slave
  4678 | D:5      | Noticed a slave
  4686 | D:5      | Noticed a sky beast
  4687 | D:5      | Reached XP level 7. HP: 34/41 MP: 5/14
  5026 | D:5      | Reached skill level 1 in Fire Magic
  5086 | D:4      | HP: 1/41 [worker ant (3)]
  5087 | D:4      | Succumbed to a worker ant's poison

Skill      XL: |  1  2  3  4  5  6  7 |
---------------+----------------------+-----
Conjurations   | 2 3 4 5 |  5.5
Spellcasting   | 4 5 |  5.2
Fire Magic     | 1 |  1.2
Dodging        | |  2.0
Stealth        | |  2.6
Summonings     | |  1.0
Translocations | |  1.0

Action                   |  1- 3 |  4- 6 |  7- 9 || total
-------------------------+-------+-------+-------++-------
Melee: Unarmed           |    21 |     4 |       ||    25
       Constrict         |     5 |    11 |     9 ||    25
       Tentacles         |     5 |     6 |     3 ||    14
       Hand axe          |       |    25 |       ||    25
       Spear             |       |    22 |    27 ||    49
 Cast: Magic Dart        |    92 |   155 |     1 ||   248
       Mephitic Cloud    |       |     5 |     3 ||     8
       Call Imp          |       |     5 |       ||     5
       Conjure Flame     |       |     1 |       ||     1
 Stab: Sleeping          |       |     2 |       ||     2
       Confused          |       |     1 |     4 ||     5
  Eat: Chunk             |     2 |     9 |       ||    11
       Ration            |       |       |     1 ||     1
Armor: Skin              |     1 |     7 |       ||     8
Dodge: Dodged            |    19 |    37 |     9 ||    65
